TOP OF THE 1ST |
San Bernardino Grasshoppers batting - Pitching for Virginia Beach Deuces : RHP Ramón Vázquez
|
Pitching: RHP Ramón Vázquez
|
|
Batting: RHB Manny Carbajal
|
0-0: Called Strike 0-1: Ball 1-1: Foul Ball, location: 2F 1-2: Strikes out swinging
|
Batting: LHB Davis Mills
|
0-0: Foul Ball, location: 2F 0-1: Ball 1-1: Swinging Strike 1-2: Ball 2-2: Strikes out looking
|
Batting: RHB Shawn Hicks
|
0-0: Ground out 6-3 (Groundball, 6M)
|
Top of the 1st over - 0 run(s), 0 hit(s), 0 error(s), 0 left on base; San Bernardino 0 - Virginia Beach 0 |
BOTTOM OF THE 1ST |
Virginia Beach Deuces batting - Pitching for San Bernardino Grasshoppers : LHP Pedro Alejándrez
|
Pitching: LHP Pedro Alejándrez
|
|
Batting: RHB Joel Frazier
|
0-0: Ball 1-0: Called Strike 1-1: Ball 2-1: Ball 3-1: Base on Balls
|
Batting: RHB Travis Brumback
|
0-0: Ball Throwing error on steal attempt, E2 Joel Frazier to third 1-0: Foul Ball, location: 2F 1-1: Ball 2-1: Fly out, F8 (Line Drive, 8LM) Runner from 3rd tags up, SCORES, no throw
|
Batting: RHB Javier Santos
|
0-0: Ball 1-0: Ball 2-0: Called Strike 2-1: Swinging Strike 2-2: Strikes out looking
|
Batting: RHB Scott Miller
|
0-0: Called Strike 0-1: Foul Ball, location: 2F 0-2: Foul Ball, location: 2F 0-2: Ball 1-2: Strikes out swinging
|
Bottom of the 1st over - 1 run(s), 0 hit(s), 1 error(s), 0 left on base; San Bernardino 0 - Virginia Beach 1 |
TOP OF THE 2ND |
San Bernardino Grasshoppers batting - Pitching for Virginia Beach Deuces : RHP Ramón Vázquez
|
Batting: RHB Reggie Kahn
|
0-0: Ball 1-0: Called Strike 1-1: Ball 2-1: Ball 3-1: Foul Ball, location: 2F 3-2: Foul Ball, location: 2F 3-2: Foul Ball, location: 2F 3-2: Strikes out swinging
|
Batting: RHB Jack O'Brien
|
0-0: Fly out, F8 (Flyball, 8LM)
|
Batting: RHB Justin Roberts
|
0-0: Foul Ball, location: 2F 0-1: Swinging Strike 0-2: Ball 1-2: Ball 2-2: Strikes out swinging
|
Top of the 2nd over - 0 run(s), 0 hit(s), 0 error(s), 0 left on base; San Bernardino 0 - Virginia Beach 1 |
BOTTOM OF THE 2ND |
Virginia Beach Deuces batting - Pitching for San Bernardino Grasshoppers : LHP Pedro Alejándrez
|
Batting: LHB Álex Burgos
|
0-0: Called Strike 0-1: Ball 1-1: Called Strike 1-2: SINGLE (Line Drive, 9LS)
|
Batting: SHB Daryl Lloyd
|
0-0: Called Strike 0-1: Called Strike 0-2: Ball 1-2: SINGLE (Line Drive, 89S) Álex Burgos to second Throwing error, E9 Álex Burgos scores Daryl Lloyd to second
|
Batting: LHB Carl Gore
|
0-0: Called Strike 0-1: Foul Ball, location: 2F 0-2: Ground out U3 (Groundball, 3) Daryl Lloyd to third
|
Batting: RHB Lorenzo Ramírez
|
0-0: Ball 1-0: Called Strike 1-1: Ball 2-1: Fly out, F2 (Popup, 2RF)
|
Batting: RHB Derrek Church
|
0-0: Called Strike 0-1: Foul Ball, location: 2F 0-2: Foul Ball, location: 2F 0-2: Strikes out swinging
|
Bottom of the 2nd over - 1 run(s), 2 hit(s), 1 error(s), 1 left on base; San Bernardino 0 - Virginia Beach 2 |
TOP OF THE 3RD |
San Bernardino Grasshoppers batting - Pitching for Virginia Beach Deuces : RHP Ramón Vázquez
|
Batting: RHB Dale O'Sullivan
|
0-0: Foul Ball, location: 2F 0-1: Swinging Strike 0-2: Strikes out swinging
|
Batting: LHB Jesús Reyes
|
0-0: Called Strike 0-1: Called Strike 0-2: Ball 1-2: Foul Ball, location: 2F 1-2: Reached on Error, E9 (Flyball, 89M)
|
Batting: RHB Alfonso López
|
0-0: Ball 1-0: Ball 2-0: Foul Ball, location: 2F 2-1: Foul Ball, location: 2F 2-2: Fly out, F9 (Flyball, 89M)
|
Batting: RHB Manny Carbajal
|
0-0: Called Strike 0-1: Foul Ball, location: 2F 0-2: Foul Ball, location: 2F 0-2: Foul Ball, location: 2F 0-2: Strikes out swinging
|
Top of the 3rd over - 0 run(s), 0 hit(s), 1 error(s), 1 left on base; San Bernardino 0 - Virginia Beach 2 |
BOTTOM OF THE 3RD |
Virginia Beach Deuces batting - Pitching for San Bernardino Grasshoppers : LHP Pedro Alejándrez
|
Batting: RHB Joel Frazier
|
0-0: Swinging Strike 0-1: Ball 1-1: Swinging Strike 1-2: Strikes out swinging
|
Batting: RHB Travis Brumback
|
0-0: Ball 1-0: Called Strike 1-1: Ball 2-1: Foul Ball, location: 2F 2-2: SINGLE (Flyball, 9LS)
|
Batting: RHB Javier Santos
|
0-0: Fly out, F8 (Flyball, 8LM)
|
Batting: RHB Scott Miller
|
0-0: Called Strike 0-1: Swinging Strike 0-2: Strikes out swinging
|
Bottom of the 3rd over - 0 run(s), 1 hit(s), 0 error(s), 1 left on base; San Bernardino 0 - Virginia Beach 2 |
TOP OF THE 4TH |
San Bernardino Grasshoppers batting - Pitching for Virginia Beach Deuces : RHP Ramón Vázquez
|
Batting: LHB Davis Mills
|
0-0: Ball 1-0: Ball 2-0: Ball 3-0: Called Strike 3-1: Ground out 1-3 (Groundball, 15S)
|
Batting: RHB Shawn Hicks
|
0-0: Ball 1-0: Ball 2-0: Ball 3-0: Called Strike 3-1: SINGLE (Groundball, 56D)
|
Batting: RHB Reggie Kahn
|
0-0: Ball 1-0: Called Strike 1-1: Ball 2-1: Fly out, F9 (Flyball, 9S)
|
Batting: RHB Jack O'Brien
|
0-0: Ball 1-0: Fielders Choice at 2nd, U6 (Groundball, 6M)
|
Top of the 4th over - 0 run(s), 1 hit(s), 0 error(s), 1 left on base; San Bernardino 0 - Virginia Beach 2 |
BOTTOM OF THE 4TH |
Virginia Beach Deuces batting - Pitching for San Bernardino Grasshoppers : LHP Pedro Alejándrez
|
Batting: LHB Álex Burgos
|
0-0: Swinging Strike 0-1: SINGLE (Flyball, 7S)
|
Batting: SHB Daryl Lloyd
|
0-0: Ball 1-0: Hit by Pitch Álex Burgos to second
|
Batting: LHB Carl Gore
|
0-0: 3-RUN HOME RUN (Flyball, 8RXD), Distance : 437 ft
|
Batting: RHB Lorenzo Ramírez
|
0-0: Ball 1-0: Called Strike 1-1: Foul Ball, location: 2F 1-2: Reached on error, E6 (Groundball, 6)
|
Batting: RHB Derrek Church
|
0-0: Ball 1-0: Foul Ball, location: 2F 1-1: Ball 2-1: Foul Ball, location: 2F 2-2: Strikes out swinging
|
Batting: RHB Joel Frazier
|
0-0: Ball 1-0: Ball 2-0: Called Strike 2-1: Called Strike 2-2: Fly out, F8 (Flyball, 8RM)
|
Batting: RHB Travis Brumback
|
0-0: Ball 1-0: Called Strike 1-1: Ball 2-1: SINGLE (Groundball, 13S) (infield hit) Lorenzo Ramírez to second
|
Batting: RHB Javier Santos
|
0-0: Called Strike 0-1: Foul Ball, location: 2F 0-2: Ball 1-2: Ground out 6-3 (Groundball, 56)
|
Bottom of the 4th over - 3 run(s), 3 hit(s), 1 error(s), 2 left on base; San Bernardino 0 - Virginia Beach 5 |
TOP OF THE 5TH |
San Bernardino Grasshoppers batting - Pitching for Virginia Beach Deuces : RHP Ramón Vázquez
|
Batting: RHB Justin Roberts
|
0-0: Foul Ball, location: 2F 0-1: Ball 1-1: Foul Ball, location: 2F 1-2: Foul Ball, location: 2F 1-2: Ball 2-2: Strikes out swinging
|
Batting: RHB Dale O'Sullivan
|
0-0: Foul Ball, location: 2F 0-1: Fly out, F9 (Flyball, 9M)
|
Batting: LHB Jesús Reyes
|
0-0: Ball 1-0: Called Strike 1-1: Ball 2-1: Ball 3-1: Ground out 4-3 (Groundball, 4)
|
Top of the 5th over - 0 run(s), 0 hit(s), 0 error(s), 0 left on base; San Bernardino 0 - Virginia Beach 5 |
BOTTOM OF THE 5TH |
Virginia Beach Deuces batting - Pitching for San Bernardino Grasshoppers : LHP Pedro Alejándrez
|
Batting: RHB Scott Miller
|
0-0: Ball 1-0: Called Strike 1-1: Ball 2-1: Called Strike 2-2: Strikes out looking
|
Batting: LHB Álex Burgos
|
0-0: Ball 1-0: Foul Ball, location: 2F 1-1: Ball 2-1: Swinging Strike 2-2: SINGLE (Line Drive, 56D)
|
Batting: SHB Daryl Lloyd
|
0-0: Swinging Strike 0-1: Called Strike 0-2: Strikes out swinging
|
Batting: LHB Carl Gore
|
0-0: Ball Álex Burgos is caught stealing 2nd base
|
Bottom of the 5th over - 0 run(s), 1 hit(s), 0 error(s), 0 left on base; San Bernardino 0 - Virginia Beach 5 |
TOP OF THE 6TH |
San Bernardino Grasshoppers batting - Pitching for Virginia Beach Deuces : RHP Ramón Vázquez
|
Batting: RHB Alfonso López
|
0-0: Swinging Strike 0-1: Ball 1-1: Swinging Strike 1-2: Strikes out swinging
|
Batting: RHB Manny Carbajal
|
0-0: Ball 1-0: Foul Ball, location: 2F 1-1: Ball 2-1: Called Strike 2-2: SINGLE (Line Drive, 9S)
|
Batting: LHB Davis Mills
|
0-0: Ball Manny Carbajal steals 2nd base 1-0: Called Strike 1-1: Foul Ball, location: 2F 1-2: Foul Ball, location: 2F 1-2: Fly out, F8 (Flyball, 8LM)
|
Batting: RHB Shawn Hicks
|
0-0: Fly out, F8 (Flyball, 8RM)
|
Top of the 6th over - 0 run(s), 1 hit(s), 0 error(s), 1 left on base; San Bernardino 0 - Virginia Beach 5 |
BOTTOM OF THE 6TH |
Virginia Beach Deuces batting - Pitching for San Bernardino Grasshoppers : LHP Pedro Alejándrez
|
Batting: LHB Carl Gore
|
0-0: Swinging Strike 0-1: Ball 1-1: Foul Ball, location: 2F 1-2: Ball 2-2: Foul Ball, location: 2F 2-2: Ball 3-2: Foul Ball, location: 2F 3-2: Foul Ball, location: 2F 3-2: Base on Balls
|
Batting: RHB Lorenzo Ramírez
|
0-0: Ball 1-0: Foul Ball, location: 2F 1-1: Ball 2-1: Swinging Strike 2-2: Ball 3-2: Foul Ball, location: 2F 3-2: Strikes out looking
|
Pitching: LHP Earl Brown
|
|
Batting: RHB Derrek Church
|
0-0: Called Strike 0-1: Called Strike 0-2: Foul Ball, location: 2F 0-2: Strikes out swinging
|
Batting: RHB Joel Frazier
|
0-0: Ball 1-0: Ball 2-0: Foul Ball, location: 2F 2-1: SINGLE (Groundball, 56D) Carl Gore to second
|
Batting: RHB Travis Brumback
|
0-0: Ball 1-0: Called Strike 1-1: Ball 2-1: SINGLE (Groundball, 4MD) Carl Gore to third Joel Frazier to second Runner from 3rd tries for Home, SAFE, no throw or cutoff
|
Batting: RHB Javier Santos
|
0-0: Ball 1-0: Swinging Strike 1-1: SINGLE (Groundball, 4MD) Joel Frazier to third Travis Brumback to second Runner from 3rd tries for Home, SAFE, no throw or cutoff
|
Batting: RHB Scott Miller
|
0-0: SINGLE (Groundball, 56D) (infield hit) Travis Brumback to third Javier Santos to second
|
Batting: LHB Álex Burgos
|
0-0: Ball 1-0: Called Strike 1-1: Foul Ball, location: 2F 1-2: Ball 2-2: Fly out, F8 (Flyball, 8RD)
|
Bottom of the 6th over - 2 run(s), 4 hit(s), 0 error(s), 3 left on base; San Bernardino 0 - Virginia Beach 7 |
TOP OF THE 7TH |
San Bernardino Grasshoppers batting - Pitching for Virginia Beach Deuces : RHP Ramón Vázquez
|
Now at C: Carl Carlson
|
|
Batting: RHB Reggie Kahn
|
0-0: Called Strike 0-1: Ball 1-1: Swinging Strike 1-2: Strikes out swinging
|
Batting: RHB Jack O'Brien
|
0-0: Called Strike 0-1: Called Strike 0-2: Ball 1-2: Strikes out swinging
|
Batting: RHB Justin Roberts
|
0-0: Ball 1-0: Ball 2-0: Ball 3-0: Called Strike 3-1: Foul Ball, location: 2F 3-2: Foul Ball, location: 2F 3-2: DOUBLE (Groundball, 5L)
|
Pitching: RHP Ademar Sant' Ana
|
|
Batting: RHB Dale O'Sullivan
|
0-0: Foul Ball, location: 2F 0-1: Ground out 4-3 (Groundball, 4)
|
Top of the 7th over - 0 run(s), 1 hit(s), 0 error(s), 1 left on base; San Bernardino 0 - Virginia Beach 7 |
BOTTOM OF THE 7TH |
Virginia Beach Deuces batting - Pitching for San Bernardino Grasshoppers : LHP Earl Brown
|
Batting: SHB Daryl Lloyd
|
0-0: Ball 1-0: Ground out 1-3 (Groundball, 25)
|
Batting: LHB Carl Gore
|
0-0: Foul Ball, location: 2F 0-1: SINGLE (Line Drive, 4D)
|
Batting: RHB Carl Carlson
|
0-0: Called Strike 0-1: Ball 1-1: Ball 2-1: Grounds into double play, 6-4-3 (Groundball, 6)
|
Bottom of the 7th over - 0 run(s), 1 hit(s), 0 error(s), 0 left on base; San Bernardino 0 - Virginia Beach 7 |
TOP OF THE 8TH |
San Bernardino Grasshoppers batting - Pitching for Virginia Beach Deuces : RHP Ademar Sant' Ana
|
Batting: LHB Jesús Reyes
|
0-0: Swinging Strike 0-1: Ball 1-1: Ground out 1-3 (Groundball, 3S)
|
Batting: RHB Alfonso López
|
0-0: Called Strike 0-1: Ball 1-1: Foul Ball, location: 2F 1-2: Foul Ball, location: 2F 1-2: Ball 2-2: Foul Ball, location: 2F 2-2: Foul Ball, location: 2F 2-2: Foul Ball, location: 2F 2-2: Foul Ball, location: 2F 2-2: Foul Ball, location: 2F 2-2: DOUBLE (Flyball, 8RXD)
|
Pitching: RHP Robinson Gonzáles
|
|
Batting: RHB Manny Carbajal
|
0-0: Called Strike 0-1: Swinging Strike 0-2: Foul Ball, location: 2F 0-2: Ball 1-2: Fly out, F8 (Flyball, 8RM)
|
Batting: LHB Davis Mills
|
0-0: Ball 1-0: Called Strike 1-1: Ball 2-1: Swinging Strike 2-2: Foul Ball, location: 2F 2-2: Strikes out swinging
|
Top of the 8th over - 0 run(s), 1 hit(s), 0 error(s), 1 left on base; San Bernardino 0 - Virginia Beach 7 |
BOTTOM OF THE 8TH |
Virginia Beach Deuces batting - Pitching for San Bernardino Grasshoppers : LHP Earl Brown
|
Batting: RHB Derrek Church
|
0-0: Foul Ball, location: 2F 0-1: SINGLE (Groundball, 6M)
|
Batting: RHB Joel Frazier
|
0-0: Ball Derrek Church steals 2nd base 1-0: Ground out 6-3 (Groundball, 6M) Derrek Church to third
|
Pitching: RHP Juan Herrera
|
|
Batting: RHB Travis Brumback
|
0-0: Called Strike 0-1: Foul Ball, location: 2F 0-2: Fly out, F7 (Flyball, 7M) Runner from 3rd tags up, SCORES, no throw
|
Batting: RHB Javier Santos
|
0-0: Called Strike 0-1: Ground out 4-3 (Groundball, 4)
|
Bottom of the 8th over - 1 run(s), 1 hit(s), 0 error(s), 0 left on base; San Bernardino 0 - Virginia Beach 8 |
TOP OF THE 9TH |
San Bernardino Grasshoppers batting - Pitching for Virginia Beach Deuces : RHP Robinson Gonzáles
|
Batting: RHB Shawn Hicks
|
0-0: Ball 1-0: Ball 2-0: Called Strike 2-1: Foul Ball, location: 2F 2-2: SINGLE (Groundball, 6M)
|
Batting: RHB Reggie Kahn
|
0-0: Grounds into double play, U4-3 (Groundball, 4)
|
Batting: RHB Jack O'Brien
|
0-0: Ball 1-0: Swinging Strike 1-1: Called Strike 1-2: Foul Ball, location: 2F 1-2: Ball 2-2: Strikes out swinging
|
Top of the 9th over - 0 run(s), 1 hit(s), 0 error(s), 0 left on base; San Bernardino 0 - Virginia Beach 8 |
|